Workbook
Name CDC_EQUIP: #REF!
Name CDC_EQUIP: #REF!
Name dsdsds: #REF!
Name dsdsds: #REF!
Name gu: '[1]PC - CTB X GER - PESSOAL'!$A$1:$G$2171
Name PC_CTBXGER: #REF!
Name PC_CTBXGER: #REF!
Name PC_PESS: #REF!
Name PC_PESS: #REF!

Sheet QUADRIMESTRAL
B2: INSTITUTO POIESIS
B3: CG 01/2023 - RELATÓRIO GERENCIAL - 2º QUADRIMESTRE 2026 - Museus-Casa
F5: Maio_2026 | G5: Junho_2026 | H5: Julho_2026 | I5: Agosto_2026 | J5: Total 2º Q. 2026
B7: A- | C7: DEMONSTRATIVO DAS RECEITAS REALIZADAS | F7: =+SUM(F8:F11) -> 833319.44 | G7: =+SUM(G8:G11) -> 815732.56 | H7: =+SUM(H8:H11) -> 823858.55 | I7: =+SUM(I8:I11) -> 795955.96 | J7: =+SUM(J8:J11) -> 3268866.5
C8: Repasse Público Recebido | F8: ='SMAC SCEIC 2º QUAD.'!I12 -> 725452.16 | G8: ='SMAC SCEIC 2º QUAD.'!J12 -> 725452.16 | H8: ='SMAC SCEIC 2º QUAD.'!K12 -> 725452.16 | I8: ='SMAC SCEIC 2º QUAD.'!L12 -> 725452.17 | J8: =SUM(F8:I8) -> 2901808.6
C9: Receitas Próprias | F9: =+'SMAC SCEIC 2º QUAD.'!I30 -> 24214.72 | G9: =+'SMAC SCEIC 2º QUAD.'!J30 -> 24214.72 | H9: =+'SMAC SCEIC 2º QUAD.'!K30 -> 24214.72 | I9: =+'SMAC SCEIC 2º QUAD.'!L30 -> 24214.72 | J9: =SUM(F9:I9) -> 96858.88
C10: Outras receitas | F10: 0 | G10: 0 | H10: 0 | I10: 0 | J10: =SUM(F10:I10) -> 0
C11: Receitas com Aplicações Financeiras | F11: =+'SMAC SCEIC 2º QUAD.'!I46 -> 83652.56 | G11: =+'SMAC SCEIC 2º QUAD.'!J46 -> 66065.68 | H11: =+'SMAC SCEIC 2º QUAD.'!K46 -> 74191.67 | I11: =+'SMAC SCEIC 2º QUAD.'!L46 -> 46289.07 | J11: =SUM(F11:I11) -> 270198.98
B12: B | C12: DEMONSTRATIVO DAS DESPESAS REALIZADAS | F12: =+F13+F21+F23+F25+F27+F29+F31+F33 -> 693616.55 | G12: =+G13+G21+G23+G25+G27+G29+G31+G33 -> 823705.54 | H12: =+H13+H21+H23+H25+H27+H29+H31+H33 -> 662595.84 | I12: =+I13+I21+I23+I25+I27+I29+I31+I33 -> 756962.76 | J12: =+J13+J21+J23+J25+J27+J29+J31+J33 -> 2936880.7
B13: 1. | C13: Recursos Humanos | F13: =+SUM(F14:F20) -> 387979.85 | G13: =+SUM(G14:G20) -> 421173.63 | H13: =+SUM(H14:H20) -> 265402.43 | I13: =+SUM(I14:I20) -> 420139.16 | J13: =+SUM(J14:J20) -> 1494695.1
C14: 1.1 | D14: CLT + Encargos | F14: =+'SMAC SCEIC 2º QUAD.'!I58 -> 378946.58 | G14: =+'SMAC SCEIC 2º QUAD.'!J58 -> 411387.24 | H14: =+'SMAC SCEIC 2º QUAD.'!K58 -> 256058.42 | I14: =+'SMAC SCEIC 2º QUAD.'!L58 -> 410352.76 | J14: =SUM(F14:I14) -> 1456745
E15: 400030 | J15: =SUM(F15:I15) -> 0
E16: 400056 | J16: =SUM(F16:I16) -> 0
E17: 400103 | J17: =SUM(F17:I17) -> 0
E18: 400102 | J18: =SUM(F18:I18) -> 0
E19: 400091 | J19: =SUM(F19:I19) -> 0
C20: 1.2 | D20: Diretoria | F20: =+'SMAC SCEIC 2º QUAD.'!I55 -> 9033.27 | G20: =+'SMAC SCEIC 2º QUAD.'!J55 -> 9786.39 | H20: =+'SMAC SCEIC 2º QUAD.'!K55 -> 9344.01 | I20: =+'SMAC SCEIC 2º QUAD.'!L55 -> 9786.4 | J20: =SUM(F20:I20) -> 37950.07
B21: 2. | C21: Prestadores de serviços (Consultorias/Assessorias/Pessoas Jurídicas) - Área Meio (Limpeza, vigilância, assessorias, informática, outros serviços prestados) | F21: =+'SMAC SCEIC 2º QUAD.'!I67 -> 153919.06 | G21: =+'SMAC SCEIC 2º QUAD.'!J67-9.89 -> 168714.32 | H21: =+'SMAC SCEIC 2º QUAD.'!K67+0.62 -> 177747.86 | I21: =+'SMAC SCEIC 2º QUAD.'!L67 -> 194003.1 | J21: =SUM(F21:I21) -> 694384.34
J22: =SUM(F22:I22) -> 0
B23: 3. | C23: Custos gerais administrativos e Institucionais ( Locações de imóveis, Utilidades públicas, materiais de consumo, transportes, outras) | F23: =+'SMAC SCEIC 2º QUAD.'!I76-F29 -> 42717.59 | G23: =+'SMAC SCEIC 2º QUAD.'!J76-G29 -> 46709.88 | H23: =+'SMAC SCEIC 2º QUAD.'!K76-H29 -> 49092.26 | I23: =+'SMAC SCEIC 2º QUAD.'!L76-I29 -> 48925.25 | J23: =SUM(F23:I23) -> 187444.98
J24: =SUM(F24:I24) -> 0
B25: 4. | C25: Programa de Edificações ( Conservação, manutenção e segurança) | F25: =+'SMAC SCEIC 2º QUAD.'!I96 -> 57993.01 | G25: =+'SMAC SCEIC 2º QUAD.'!J96 -> 31890.09 | H25: =+'SMAC SCEIC 2º QUAD.'!K96 -> 30389.93 | I25: =+'SMAC SCEIC 2º QUAD.'!L96 -> 60249.62 | J25: =SUM(F25:I25) -> 180522.65
J26: =SUM(F26:I26) -> 0
B27: 5. | C27: Programa de Trabalho Área Fim | F27: =+'SMAC SCEIC 2º QUAD.'!I105+'SMAC SCEIC 2º QUAD.'!I142 -> 49787.53 | G27: =+'SMAC SCEIC 2º QUAD.'!J105+'SMAC SCEIC 2º QUAD.'!J142 -> 155217.62 | H27: =+'SMAC SCEIC 2º QUAD.'!K105+'SMAC SCEIC 2º QUAD.'!K142 -> 126653.46 | I27: =+'SMAC SCEIC 2º QUAD.'!L105+'SMAC SCEIC 2º QUAD.'!L142 -> 33645.63 | J27: =SUM(F27:I27) -> 365304.24
B29: 6. | C29: Despesas Financeiras ( Despesas bancárias, impostos) | F29: =+'SMAC SCEIC 2º QUAD.'!I87 -> 1219.51 | G29: =+'SMAC SCEIC 2º QUAD.'!J87 -> 0 | H29: =+'SMAC SCEIC 2º QUAD.'!K87 -> 0 | I29: =+'SMAC SCEIC 2º QUAD.'!L87 -> 0 | J29: =SUM(F29:I29) -> 1219.51
J30: =SUM(F30:I30) -> 0
B31: 7. | C31: Investimentos com Recursos Vinculados ao Contrato de Gestão. | F31: =+'SMAC SCEIC 2º QUAD.'!I159 -> 0 | G31: =+'SMAC SCEIC 2º QUAD.'!J159 -> 0 | H31: =+'SMAC SCEIC 2º QUAD.'!K159 -> 13309.9 | I31: =+'SMAC SCEIC 2º QUAD.'!L159 -> 0 | J31: =SUM(F31:I31) -> 13309.9
J32: =SUM(F32:I32) -> 0
B33: 8. | C33: Reversões/Transferências Vinculados ao(s) Contratos de Gestão. | F33: 0 | G33: 0 | H33: 0 | I33: 0 | J33: =SUM(F33:I33) -> 0
B35: C- | C35: TOTAL DEMONSTRATIVO RECEITAS - DESPESAS (A-B) | F35: =F7-F12 -> 139702.89 | G35: =G7-G12 -> -7972.98 | H35: =H7-H12 -> 161262.71 | I35: =I7-I12 -> 38993.2 | J35: =J7-J12 -> 331985.82
B37: D- SALDO INICIO PERÍODO - RECURSOS CONTRATO DE GESTÃO | F37: =SUM(F38:F40) -> 4908136.4 | G37: =SUM(G38:G40) -> 4993051.7 | H37: =SUM(H38:H40) -> 4983938.1 | I37: =SUM(I38:I40) -> 5218515 | J37: =SUM(J38:J40) -> 4908136.4
C38: Saldo do Exercício - Contrato de Gestão Repasses | F38: =-'bal maio 2026'!C177 -> 3685591.1 | G38: =-'bal maio 2026'!F177 -> 3770506.5 | H38: =-'bal julho 2026'!C177 -> 3761392.8 | I38: =-'bal agosto 2026'!F177 -> 3650079 | J38: =F38 -> 3685591.1 | K38: Ocultar
C39: Saldo do Exercício - Contrato de Gestão Reservas | F39: =-'bal maio 2026'!C178 -> 578758.76 | G39: =-'bal maio 2026'!F178 -> 578758.76 | H39: =-'bal julho 2026'!C178 -> 578758.76 | I39: =-'bal agosto 2026'!F178 -> 673988.16 | J39: =F39 -> 578758.76 | K39: Ocultar
C40: Saldo do Exercício - Contrato de Gestão Contingência | F40: =-'bal maio 2026'!C179 -> 643786.51 | G40: =-'bal maio 2026'!F179 -> 643786.51 | H40: =-'bal julho 2026'!C179 -> 643786.51 | I40: =-'bal agosto 2026'!F179 -> 894447.87 | J40: =F40 -> 643786.51 | K40: Ocultar
B42: E- SALDO FINAL - RECURSOS CONTRATO DE GESTÃO (C+D) | F42: =+F37+F35 -> 5047839.3 | G42: =+G37+G35 -> 4985078.7 | H42: =+H37+H35 -> 5145200.8 | I42: =+I37+I35 -> 5257508.2 | J42: =+J37+J35 -> 5240122.2
C43: Saldo Ínicio do Exercício - Contrato de Gestão Repasses
C44: Saldo Ínicio do Exercício - Contrato de Gestão Reservas
C45: Saldo Ínicio do Exercício - Contrato de Gestão Contingência
C46: APURAÇÃO MENSAL (C-D) | F46: 0 | G46: 0 | H46: 0 | I46: 0 | J46: 0
B48: F- | C48: DEMONSTRATIVO FLUXO DE CAIXA | F48: =SUM(F49:F50) -> 53669.36 | G48: =SUM(G49:G50) -> 162078.74 | H48: =SUM(H49:H50) -> 29394.35 | I48: =SUM(I49:I50) -> 248995.16 | J48: =SUM(J49:J50) -> 494137.61
C49: (Adições)/Reduções - Ativos | F49: =+'bal maio 2026'!I7 -> 81292.3 | G49: =+'bal junho 2026'!I7 -> 31142.7 | H49: =+'bal julho 2026'!I7 -> 118132 | I49: 248995.16 | J49: =SUM(F49:I49) -> 479562.16
C50: Adições/(Reduções) - Passivos | F50: =+'bal maio 2026'!I120 -> -27622.94 | G50: =-'bal junho 2026'!I120 -> 130936.04 | H50: =-'bal julho 2026'!I120 -> -88737.65 | J50: =SUM(F50:I50) -> 14575.45
B52: G- | C52: VARIAÇÃO CAIXA ( C+F) | F52: =+F35+F48 -> 193372.25 | G52: =+G35+G48 -> 154105.76 | H52: =+H35+H48 -> 190657.06 | I52: =+I35+I48 -> 287988.36 | J52: =+J35+J48 -> 826123.43
B54: H- SALDO INICIO PERÍODO - CAIXA | F54: =SUM(F55:F59) -> 5977081.4 | G54: =SUM(G55:G59) -> 6170453.6 | H54: =SUM(H55:H59) -> 6324559.4 | I54: =SUM(I55:I59) -> 6515216.4 | J54: =SUM(J55:J58) -> 5977081.4
C55: Saldo do Exercício - Contrato de Gestão Repasses | F55: =3485962.61+2999.1 -> 3488961.7 | G55: =3622899.28+2999.1 -> 3625898.4 | H55: =3750107.52+2999.1 -> 3753106.6 | I55: =3848492.1+2999.1 -> 3851491.2 | J55: =+F55 -> 3488961.7
C56: Saldo do Exercício - Contrato de Gestão Reservas | F56: =+'bal maio 2026'!C40 -> 645868.37 | G56: =+'bal junho 2026'!C40 -> 652457.7 | H56: =+'bal julho 2026'!C40 -> 659410.42 | I56: =+'bal agosto 2026'!C40 -> 667040.03 | J56: =+F56 -> 645868.37
C57: Saldo do Exercício - Contrato de Gestão Contingência | F57: =+'bal maio 2026'!C41 -> 829780.49 | G57: =+'bal junho 2026'!C41 -> 845288.26 | H57: =+'bal julho 2026'!C41 -> 854295.82 | I57: =+'bal agosto 2026'!C41 -> 878257.57 | J57: =+F57 -> 829780.49
C58: Saldo do Exercício - Contrato de Gestão Captações | F58: =+'bal maio 2026'!C42 -> 1012470.8 | G58: =+'bal junho 2026'!C42 -> 1046809.3 | H58: =+'bal julho 2026'!C42 -> 1057746.5 | I58: =+'bal agosto 2026'!C42 -> 1118427.6 | J58: =+F58 -> 1012470.8
J59: 0
B60: (=) | C60: SALDO DISPONÍVEL ( G+H) | F60: =+F52+F54 -> 6170453.6 | G60: =+G52+G54 -> 6324559.4 | H60: =+H52+H54 -> 6515216.4 | I60: =+I52+I54 -> 6803204.8 | J60: =+J52+J54 -> 6803204.8
B62: quarta-feira, 23 de setembro de 2026
E67: Fábio Higino Veloso | G67: Italo Borges De Souza
E68: Diretor Administrativo Financeiro Interino | G68: CRC 1SP-302854/O-6
E69: CPF: 285.616.428-58 | G69: CPF: 229.770.258-20
G70: Contador

Sheet SMAC SCEIC 2º QUAD.
A1: Instituto Poiesis
A2: CG 1 / 2023
A3: Consolidado
A4: Ano do Documento: 2026
A6: Prestação de Contas do Plano Orçamentário
B8: Repasses e Outros Recursos Vinculados ao Contrato de Gestão
A9: Nível | B9: Nome | C9: Orçamento Anual | D9: Janeiro | E9: Fevereiro | F9: Março | G9: Abril | H9: 1º Quadrimestre | I9: Maio | J9: Junho | K9: Julho | L9: Agosto | M9: 2º Quadrimestre | N9: Setembro | O9: Outubro | P9: Novembro | Q9: Dezembro | R9: 3º Quadrimestre | S9: Realizado Anual | T9: Realizado x Previsto | U9: Observações
B10: subGrupo: Repasses e Outros Recursos Vinculados ao Contrato de Gestão
A11: 1 | B11: Recursos Líquidos para o Contrato de Gestão | C11: 10259303 | D11: 1218197.6 | E11: 718197.64 | F11: 718197.64 | G11: 718197.64 | H11: 3372790.6 | I11: 718197.64 | J11: 718197.64 | K11: 718197.64 | L11: 718197.65 | M11: 2872790.6 | N11: - | O11: - | P11: - | Q11: - | R11: 0 | S11: 6245581.1 | T11: 60,88% | U11: -
A12: 1.1 | B12: Repasse Contrato de Gestão | C12: 9857882 | D12: 725452.16 | E12: 725452.16 | F12: 725452.16 | G12: 725452.16 | H12: 2901808.6 | I12: 725452.16 | J12: 725452.16 | K12: 725452.16 | L12: 725452.17 | M12: 2901808.6 | N12: - | O12: - | P12: - | Q12: - | R12: 0 | S12: 5803617.3 | T12: 58,87% | U12: -
A13: 1.2 | B13: Movimentação de Recursos Reservados | C13: -98579 | D13: -7254.52 | E13: -7254.52 | F13: -7254.52 | G13: -7254.52 | H13: -29018.08 | I13: -7254.52 | J13: -7254.52 | K13: -7254.52 | L13: -7254.52 | M13: -29018.08 | N13: - | O13: - | P13: - | Q13: - | R13: 0 | S13: -58036.16 | T13: 58,87% | U13: -
A14: 1.2.1 | B14: Constituição Recursos de Reserva | C14: 0 | D14: 0 | E14: 0 | F14: 0 | G14: 0 | H14: 0 | I14: 0 | J14: 0 | K14: 0 | L14: 0 | M14: 0 | N14: - | O14: - | P14: - | Q14: - | R14: 0 | S14: 0 | T14: 0% | U14: -
A15: 1.2.2 | B15: Reversão de Recursos de Reservas | C15: 0 | D15: 0 | E15: 0 | F15: 0 | G15: 0 | H15: 0 | I15: 0 | J15: 0 | K15: 0 | L15: 0 | M15: 0 | N15: - | O15: - | P15: - | Q15: - | R15: 0 | S15: 0 | T15: 0% | U15: -
A16: 1.2.3 | B16: Constituição Recursos de Contingência | C16: -98579 | D16: -7254.52 | E16: -7254.52 | F16: -7254.52 | G16: -7254.52 | H16: -29018.08 | I16: -7254.52 | J16: -7254.52 | K16: -7254.52 | L16: -7254.52 | M16: -29018.08 | N16: - | O16: - | P16: - | Q16: - | R16: 0 | S16: -58036.16 | T16: 58,87% | U16: -
A17: 1.2.4 | B17: Reversão de Recursos de Contingências | C17: 0 | D17: 0 | E17: 0 | F17: 0 | G17: 0 | H17: 0 | I17: 0 | J17: 0 | K17: 0 | L17: 0 | M17: 0 | N17: - | O17: - | P17: - | Q17: - | R17: 0 | S17: 0 | T17: 0% | U17: -
A18: 1.2.5 | B18: Constituição Recursos Reserva - Outros (especificar) | C18: 0 | D18: 0 | E18: 0 | F18: 0 | G18: 0 | H18: 0 | I18: 0 | J18: 0 | K18: 0 | L18: 0 | M18: 0 | N18: - | O18: - | P18: - | Q18: - | R18: 0 | S18: 0 | T18: 0% | U18: -
A19: 1.2.6 | B19: Reversão de Recursos Reservados (Outros) | C19: 0 | D19: 0 | E19: 0 | F19: 0 | G19: 0 | H19: 0 | I19: 0 | J19: 0 | K19: 0 | L19: 0 | M19: 0 | N19: - | O19: - | P19: - | Q19: - | R19: 0 | S19: 0 | T19: 0% | U19: -
A20: 1.3 | B20: Outras Receitas | C20: 500000 | D20: 500000 | E20: 0 | F20: 0 | G20: 0 | H20: 500000 | I20: 0 | J20: 0 | K20: 0 | L20: 0 | M20: 0 | N20: - | O20: - | P20: - | Q20: - | R20: 0 | S20: 500000 | T20: 100% | U20: -
A21: 1.3.1 | B21: Saldos de Exercício Anterior | C21: 500000 | D21: 500000 | E21: 0 | F21: 0 | G21: 0 | H21: 500000 | I21: 0 | J21: 0 | K21: 0 | L21: 0 | M21: 0 | N21: - | O21: - | P21: - | Q21: - | R21: 0 | S21: 500000 | T21: 100% | U21: -
A22: 1.3.1.2 | B22: Saldo anterior para utilização no exercicío | C22: 500000 | D22: 500000 | E22: 0 | F22: 0 | G22: 0 | H22: 500000 | I22: 0 | J22: 0 | K22: 0 | L22: 0 | M22: 0 | N22: - | O22: - | P22: - | Q22: - | R22: 0 | S22: 500000 | T22: 100% | U22: -
... A34: 3.2 | B34: Recursos de Captação voltados a Investimentos | C34: 0 | D34: 0 | E34: 0 | F34: 0 | G34: 0 | H34: 0 | I34: 0 | J34: 0 | K34: 0 | L34: 0 | M34: 0 | N34: - | O34: - | P34: - | Q34: - | R34: 0 | S34: 0 | T34: 0% | U34: -
B36: Demonstração de Resultado
A37: Nível | B37: Nome | C37: Orçamento Anual | D37: Janeiro | E37: Fevereiro | F37: Março | G37: Abril | H37: 1º Quadrimestre | I37: Maio | J37: Junho | K37: Julho | L37: Agosto | M37: 2º Quadrimestre | N37: Setembro | O37: Outubro | P37: Novembro | Q37: Dezembro | R37: 3º Quadrimestre | S37: Realizado Anual | T37: Realizado x Previsto | U37: Observações
B38: subGrupo: Receitas Apropriadas Vinculadas ao Contrato de Gestão
A39: 4 | B39: Total de Receitas vinculadas ao Plano de Trabalho | C39: 13830777 | D39: 828338.56 | E39: 856302.62 | F39: 710862.74 | G39: 718606.74 | H39: 3114110.7 | I39: 716782.48 | J39: 823715.43 | K39: 754411.7 | L39: 954317.01 | M39: 3249226.6 | N39: - | O39: - | P39: - | Q39: - | R39: 0 | S39: 6363337.3 | T39: 46,01% | U39: -
A40: 4.2 | B40: Receita de Captação Apropriada | C40: 1747193 | D40: 24214.72 | E40: 24214.72 | F40: 24214.72 | G40: 24214.72 | H40: 96858.88 | I40: 24214.72 | J40: 24214.72 | K40: 24214.72 | L40: 24214.72 | M40: 96858.88 | N40: - | O40: - | P40: - | Q40: - | R40: 0 | S40: 193717.76 | T40: 11,09% | U40: -
A41: 4.2.1 | B41: Captação de Recursos Operacionais (bilheteria, cessão onerosa de espaço, loja, café, doações, estacionamento, etc) | C41: 884629 | D41: 24214.72 | E41: 24214.72 | F41: 24214.72 | G41: 24214.72 | H41: 96858.88 | I41: 24214.72 | J41: 24214.72 | K41: 24214.72 | L41: 24214.72 | M41: 96858.88 | N41: - | O41: - | P41: - | Q41: - | R41: 0 | S41: 193717.76 | T41: 21,9% | U41: -
A42: 4.2.2 | B42: Captação de Recursos Incentivados | C42: 862564 | D42: 0 | E42: 0 | F42: 0 | G42: 0 | H42: 0 | I42: 0 | J42: 0 | K42: 0 | L42: 0 | M42: 0 | N42: - | O42: - | P42: - | Q42: - | R42: 0 | S42: 0 | T42: 0% | U42: -
A43: 4.2.3 | B43: Trabalho Voluntário | C43: 0 | D43: 0 | E43: 0 | F43: 0 | G43: 0 | H43: 0 | I43: 0 | J43: 0 | K43: 0 | L43: 0 | M43: 0 | N43: - | O43: - | P43: - | Q43: - | R43: 0 | S43: 0 | T43: 0% | U43: -
A44: 4.2.4 | B44: Parcerias | C44: 0 | D44: 0 | E44: 0 | F44: 0 | G44: 0 | H44: 0 | I44: 0 | J44: 0 | K44: 0 | L44: 0 | M44: 0 | N44: - | O44: - | P44: - | Q44: - | R44: 0 | S44: 0 | T44: 0% | U44: -
A45: 4.3 | B45: Total das Receitas Financeiras | C45: 154317 | D45: 61414.8 | E45: 53408.37 | F45: 66180.7 | G45: 60942.61 | H45: 241946.48 | I45: 83652.56 | J45: 66065.68 | K45: 74191.67 | L45: 46289.07 | M45: 270198.98 | N45: - | O45: - | P45: - | Q45: - | R45: 0 | S45: 512145.46 | T45: 331,88% | U45: -
A46: 4.3.1 | B46: Receitas Financeiras | C46: 154317 | D46: 61414.8 | E46: 53408.37 | F46: 66180.7 | G46: 60942.61 | H46: 241946.48 | I46: 83652.56 | J46: 66065.68 | K46: 74191.67 | L46: 46289.07 | M46: 270198.98 | N46: - | O46: - | P46: - | Q46: - | R46: 0 | S46: 512145.46 | T46: 331,88% | U46: -
A47: 4.3.2 | B47: Outras Receitas | C47: 0 | D47: 0 | E47: 0 | F47: 0 | G47: 0 | H47: 0 | I47: 0 | J47: 0 | K47: 0 | L47: 0 | M47: 0 | N47: - | O47: - | P47: - | Q47: - | R47: 0 | S47: 0 | T47: 0% | U47: -
A48: 5 | B48: Total de Receitas para a realização de metas condicionadas | C48: 0 | D48: 0 | E48: 0 | F48: 0 | G48: 0 | H48: 0 | I48: 0 | J48: 0 | K48: 0 | L48: 0 | M48: 0 | N48: - | O48: - | P48: - | Q48: - | R48: 0 | S48: 0 | T48: 0% | U48: -
A49: 5.1 | B49: Receitas para realização de metas condicionadas | C49: 0 | D49: 0 | E49: 0 | F49: 0 | G49: 0 | H49: 0 | I49: 0 | J49: 0 | K49: 0 | L49: 0 | M49: 0 | N49: - | O49: - | P49: - | Q49: - | R49: 0 | S49: 0 | T49: 0% | U49: -
B51: subGrupo: Despesas do Contrato De Gestão | M51: =M53+M159-QUADRIMESTRAL!J12 -> 9.27
A52: 6 | B52: Total de Despesas | C52: 11579446 | D52: 939999.22 | E52: 937596.05 | F52: 792156.17 | G52: 799839.39 | H52: 3469590.8 | I52: 693616.55 | J52: 823715.43 | K52: 754411.71 | L52: 977116.51 | M52: 3248860.2 | N52: - | O52: - | P52: - | Q52: - | R52: 0 | S52: 6718451 | T52: 58,02% | U52: -
A53: 6.1 | B53: Subtotal de Despesas | C53: 11579446 | D53: 828338.56 | E53: 856302.62 | F53: 710862.74 | G53: 718606.74 | H53: 3114110.7 | I53: 693616.55 | J53: 823715.43 | K53: 649285.32 | L53: 756962.76 | M53: 2923580.1 | N53: - | O53: - | P53: - | Q53: - | R53: 0 | S53: 6037690.7 | T53: 52,14% | U53: -
A54: 6.1.1 | B54: Recursos Humanos - Salários, encargos e benefícios | C54: 5708398 | D54: 400667.92 | E54: 407984.41 | F54: 380665.14 | G54: 418416.39 | H54: 1607733.9 | I54: 387979.85 | J54: 421173.63 | K54: 265402.43 | L54: 420139.16 | M54: 1494695.1 | N54: - | O54: - | P54: - | Q54: - | R54: 0 | S54: 3102428.9 | T54: 54,35% | U54: -
A55: 6.1.1.1 | B55: Diretoria | C55: 122232 | D55: 9182.88 | E55: 9182.88 | F55: 9033.27 | G55: 9033.27 | H55: 36432.3 | I55: 9033.27 | J55: 9786.39 | K55: 9344.01 | L55: 9786.4 | M55: 37950.07 | N55: - | O55: - | P55: - | Q55: - | R55: 0 | S55: 74382.37 | T55: 60,85% | U55: -
A56: 6.1.1.1.1 | B56: Área Meio | C56: 122232 | D56: 9182.88 | E56: 9182.88 | F56: 9033.27 | G56: 9033.27 | H56: 36432.3 | I56: 9033.27 | J56: 9786.39 | K56: 9344.01 | L56: 9786.4 | M56: 37950.07 | N56: - | O56: - | P56: - | Q56: - | R56: 0 | S56: 74382.37 | T56: 60,85% | U56: -
A57: 6.1.1.1.2 | B57: Área Fim | C57: 0 | D57: 0 | E57: 0 | F57: 0 | G57: 0 | H57: 0 | I57: 0 | J57: 0 | K57: 0 | L57: 0 | M57: 0 | N57: - | O57: - | P57: - | Q57: - | R57: 0 | S57: 0 | T57: 0% | U57: -
A58: 6.1.1.2 | B58: Demais Funcionários | C58: 5586166 | D58: 391485.04 | E58: 398801.53 | F58: 371631.87 | G58: 409383.12 | H58: 1571301.6 | I58: 378946.58 | J58: 411387.24 | K58: 256058.42 | L58: 410352.76 | M58: 1456745 | N58: - | O58: - | P58: - | Q58: - | R58: 0 | S58: 3028046.6 | T58: 54,21% | U58: -
A59: 6.1.1.2.1 | B59: Área Meio | C59: 191146 | D59: 15359.46 | E59: 21580.65 | F59: 16261.59 | G59: 14553.93 | H59: 67755.63 | I59: 15809.64 | J59: 14855.16 | K59: 14658.87 | L59: 15670.8 | M59: 60994.47 | N59: - | O59: - | P59: - | Q59: - | R59: 0 | S59: 128750.1 | T59: 67,36% | U59: -
A60: 6.1.1.2.2 | B60: Área Fim | C60: 5395020 | D60: 376125.58 | E60: 377220.88 | F60: 355370.28 | G60: 394829.19 | H60: 1503545.9 | I60: 363136.94 | J60: 396532.08 | K60: 241399.55 | L60: 394681.96 | M60: 1395750.5 | N60: - | O60: - | P60: - | Q60: - | R60: 0 | S60: 2899296.5 | T60: 53,74% | U60: -
A61: 6.1.1.3 | B61: Estagiários | C61: 0 | D61: 0 | E61: 0 | F61: 0 | G61: 0 | H61: 0 | I61: 0 | J61: 0 | K61: 0 | L61: 0 | M61: 0 | N61: - | O61: - | P61: - | Q61: - | R61: 0 | S61: 0 | T61: 0% | U61: -
A62: 6.1.1.3.1 | B62: Área Meio | C62: 0 | D62: 0 | E62: 0 | F62: 0 | G62: 0 | H62: 0 | I62: 0 | J62: 0 | K62: 0 | L62: 0 | M62: 0 | N62: - | O62: - | P62: - | Q62: - | R62: 0 | S62: 0 | T62: 0% | U62: -
A63: 6.1.1.3.2 | B63: Área Fim | C63: 0 | D63: 0 | E63: 0 | F63: 0 | G63: 0 | H63: 0 | I63: 0 | J63: 0 | K63: 0 | L63: 0 | M63: 0 | N63: - | O63: - | P63: - | Q63: - | R63: 0 | S63: 0 | T63: 0% | U63: -
... A154: 7 | B154: Superavit/Deficit do exercício | C154: 2251330.9 | D154: -111660.66 | E154: -81293.43 | F154: -81293.43 | G154: -81232.65 | H154: -355480.17 | I154: 23165.93 | J154: 0 | K154: -0.01 | L154: -22799.5 | M154: 366.42 | N154: - | O154: - | P154: - | Q154: - | R154: 0 | S154: -355113.75 | T154: -15,77% | U154: -
B156: Investimentos/Imobilizado
A157: Nível | B157: Nome | C157: Orçamento Anual | D157: Janeiro | E157: Fevereiro | F157: Março | G157: Abril | H157: 1º Quadrimestre | I157: Maio | J157: Junho | K157: Julho | L157: Agosto | M157: 2º Quadrimestre | N157: Setembro | O157: Outubro | P157: Novembro | Q157: Dezembro | R157: 3º Quadrimestre | S157: Realizado Anual | T157: Realizado x Previsto | U157: Observações
B158: subGrupo: Investimentos/Imobilizado
A159: 8 | B159: Investimentos com recursos vinculados ao Contrato de Gestão | C159: 81000 | D159: 896.17 | E159: 0 | F159: 0 | G159: 0 | H159: 896.17 | I159: 0 | J159: 0 | K159: 13309.9 | L159: 0 | M159: 13309.9 | N159: - | O159: - | P159: - | Q159: - | R159: 0 | S159: 14206.07 | T159: 17,54% | U159: -
A160: 8.1 | B160: Móveis e utensílios | C160: 15000 | D160: 0 | E160: 0 | F160: 0 | G160: 0 | H160: 0 | I160: 0 | J160: 0 | K160: 0 | L160: 0 | M160: 0 | N160: - | O160: - | P160: - | Q160: - | R160: 0 | S160: 0 | T160: 0% | U160: -
A161: 8.2 | B161: Instalações | C161: 0 | D161: 0 | E161: 0 | F161: 0 | G161: 0 | H161: 0 | I161: 0 | J161: 0 | K161: 0 | L161: 0 | M161: 0 | N161: - | O161: - | P161: - | Q161: - | R161: 0 | S161: 0 | T161: 0% | U161: -
A162: 8.3 | B162: Equipamentos de informática | C162: 54000 | D162: 0 | E162: 0 | F162: 0 | G162: 0 | H162: 0 | I162: 0 | J162: 0 | K162: 13309.9 | L162: 0 | M162: 13309.9 | N162: - | O162: - | P162: - | Q162: - | R162: 0 | S162: 13309.9 | T162: 24,65% | U162: -
A163: 8.4 | B163: Equipamentos de telecomunicações | C163: 0 | D163: 0 | E163: 0 | F163: 0 | G163: 0 | H163: 0 | I163: 0 | J163: 0 | K163: 0 | L163: 0 | M163: 0 | N163: - | O163: - | P163: - | Q163: - | R163: 0 | S163: 0 | T163: 0% | U163: -
A164: 8.5 | B164: Equipamentos de som/luz | C164: 6000 | D164: 0 | E164: 0 | F164: 0 | G164: 0 | H164: 0 | I164: 0 | J164: 0 | K164: 0 | L164: 0 | M164: 0 | N164: - | O164: - | P164: - | Q164: - | R164: 0 | S164: 0 | T164: 0% | U164: -
A165: 8.6 | B165: Equipamentos de audio e video | C165: 0 | D165: 0 | E165: 0 | F165: 0 | G165: 0 | H165: 0 | I165: 0 | J165: 0 | K165: 0 | L165: 0 | M165: 0 | N165: - | O165: - | P165: - | Q165: - | R165: 0 | S165: 0 | T165: 0% | U165: -
A166: 8.7 | B166: Imobilizado e intangível a classificar | C166: 0 | D166: 0 | E166: 0 | F166: 0 | G166: 0 | H166: 0 | I166: 0 | J166: 0 | K166: 0 | L166: 0 | M166: 0 | N166: - | O166: - | P166: - | Q166: - | R166: 0 | S166: 0 | T166: 0% | U166: -
A167: 8.8 | B167: Maquinas e equipamentos | C167: 6000 | D167: 896.17 | E167: 0 | F167: 0 | G167: 0 | H167: 896.17 | I167: 0 | J167: 0 | K167: 0 | L167: 0 | M167: 0 | N167: - | O167: - | P167: - | Q167: - | R167: 0 | S167: 896.17 | T167: 14,94% | U167: -
A168: 8.9 | B168: Benfeitorias em imoveis de terceiros | C168: 0 | D168: 0 | E168: 0 | F168: 0 | G168: 0 | H168: 0 | I168: 0 | J168: 0 | K168: 0 | L168: 0 | M168: 0 | N168: - | O168: - | P168: - | Q168: - | R168: 0 | S168: 0 | T168: 0% | U168: -
A169: 9 | B169: Recursos públicos específicos para investimentos no Contrato de Gestão | C169: 3215837 | D169: 0 | E169: 0 | F169: 0 | G169: 0 | H169: 0 | I169: 0 | J169: 0 | K169: 0 | L169: 0 | M169: 0 | N169: - | O169: - | P169: - | Q169: - | R169: 0 | S169: 0 | T169: 0% | U169: -
A170: 9.1 | B170: Equipamentos eletrônico | C170: 0 | D170: 0 | E170: 0 | F170: 0 | G170: 0 | H170: 0 | I170: 0 | J170: 0 | K170: 0 | L170: 0 | M170: 0 | N170: - | O170: - | P170: - | Q170: - | R170: 0 | S170: 0 | T170: 0% | U170: -
... A183: 10.7 | B183: Outros investimentos/imobilizado (especificar) | C183: 0 | D183: 0 | E183: 0 | F183: 0 | G183: 0 | H183: 0 | I183: 0 | J183: 0 | K183: 0 | L183: 0 | M183: 0 | N183: - | O183: - | P183: - | Q183: - | R183: 0 | S183: 0 | T183: 0% | U183: -
B185: Projetos A Executar e Saldos De Recursos Vinculados Ao Contrato de Gestão
A186: Nível | B186: Nome | C186: Orçamento Anual | D186: Janeiro | E186: Fevereiro | F186: Março | G186: Abril | H186: 1º Quadrimestre | I186: Maio | J186: Junho | K186: Julho | L186: Agosto | M186: 2º Quadrimestre | N186: Setembro | O186: Outubro | P186: Novembro | Q186: Dezembro | R186: 3º Quadrimestre | S186: Realizado Anual | T186: Realizado x Previsto | U186: Observações
B187: subGrupo: Projetos A Executar e Saldos De Recursos Vinculados Ao Contrato de Gestão
A188: 11 | B188: Saldo Projetos a Executar (contábil) | C188: 0 | D188: 4741244.4 | E188: 4646134.4 | F188: 4791265.7 | G188: 4908136.4 | H188: 4908136.4 | I188: 4843123.9 | J188: 4827213.3 | K188: 4979598.1 | L188: 0 | M188: 4979598.1 | N188: - | O188: - | P188: - | Q188: - | R188: 0 | S188: 4979598.1 | T188: 0% | U188: -
A189: 11.1 | B189: Repasse | C189: 0 | D189: 3518699.1 | E189: 3423589.1 | F189: 3568720.4 | G189: 3685591.1 | H189: 3685591.1 | I189: 3620578.6 | J189: 3604668 | K189: 3757052.8 | L189: 0 | M189: 3757052.8 | N189: - | O189: - | P189: - | Q189: - | R189: 0 | S189: 3757052.8 | T189: 0% | U189: -
A190: 11.2 | B190: Reserva | C190: 0 | D190: 578758.76 | E190: 578758.76 | F190: 578758.76 | G190: 578758.76 | H190: 578758.76 | I190: 578758.76 | J190: 578758.76 | K190: 578758.76 | L190: 0 | M190: 578758.76 | N190: - | O190: - | P190: - | Q190: - | R190: 0 | S190: 578758.76 | T190: 0% | U190: -
A191: 11.3 | B191: Contingência | C191: 0 | D191: 643786.52 | E191: 643786.52 | F191: 643786.52 | G191: 643786.52 | H191: 643786.52 | I191: 643786.52 | J191: 643786.52 | K191: 643786.52 | L191: 0 | M191: 643786.52 | N191: - | O191: - | P191: - | Q191: - | R191: 0 | S191: 643786.52 | T191: 0% | U191: -
A192: 11.4 | B192: Outros (especificar) | C192: 0 | D192: 0 | E192: 0 | F192: 0 | G192: 0 | H192: 0 | I192: 0 | J192: 0 | K192: 0 | L192: 0 | M192: 0 | N192: - | O192: - | P192: - | Q192: - | R192: 0 | S192: 0 | T192: 0% | U192: -
A193: 12 | B193: Recursos incentivados - saldo a ser executado | C193: 0 | D193: 0 | E193: 0 | F193: 0 | G193: 0 | H193: 0 | I193: 0 | J193: 0 | K193: 0 | L193: 0 | M193: 0 | N193: - | O193: - | P193: - | Q193: - | R193: 0 | S193: 0 | T193: 0% | U193: -
A194: 12.1 | B194: Recursos captados | C194: 0 | D194: 0 | E194: 0 | F194: 0 | G194: 0 | H194: 0 | I194: 0 | J194: 0 | K194: 0 | L194: 0 | M194: 0 | N194: - | O194: - | P194: - | Q194: - | R194: 0 | S194: 0 | T194: 0% | U194: -
A195: 12.2 | B195: Receita apropriada do recurso captado | C195: 0 | D195: 0 | E195: 0 | F195: 0 | G195: 0 | H195: 0 | I195: 0 | J195: 0 | K195: 0 | L195: 0 | M195: 0 | N195: - | O195: - | P195: - | Q195: - | R195: 0 | S195: 0 | T195: 0% | U195: -
A196: 12.3 | B196: Despesa realizada do recurso captado | C196: 0 | D196: 0 | E196: 0 | F196: 0 | G196: 0 | H196: 0 | I196: 0 | J196: 0 | K196: 0 | L196: 0 | M196: 0 | N196: - | O196: - | P196: - | Q196: - | R196: 0 | S196: 0 | T196: 0% | U196: -
A197: 13 | B197: Outras informações (saldos bancários) | C197: 0 | D197: 5791398.5 | E197: 5736611.7 | F197: 5906370.8 | G197: 5974082.2 | H197: 5974082.2 | I197: 6167454.5 | J197: 6321560.3 | K197: 6512217.3 | L197: 0 | M197: 6512217.3 | N197: - | O197: - | P197: - | Q197: - | R197: 0 | S197: 6512217.3 | T197: 0% | U197: -
A198: 13.1 | B198: Conta de Repasse do Contrato de Gestão | C198: 0 | D198: 3519768.8 | E198: 3408601 | F198: 3483967 | G198: 3485962.6 | H198: 3485962.6 | I198: 3622899.3 | J198: 3750107.5 | K198: 3848492.1 | L198: 0 | M198: 3848492.1 | N198: - | O198: - | P198: - | Q198: - | R198: 0 | S198: 3848492.1 | T198: 0% | U198: -
A199: 13.2 | B199: Conta de Captação Operacional | C199: 0 | D199: 888556.43 | E199: 924830.61 | F199: 968848.31 | G199: 1012470.8 | H199: 1012470.8 | I199: 1046809.3 | J199: 1057746.5 | K199: 1118427.6 | L199: 0 | M199: 1118427.6 | N199: - | O199: - | P199: - | Q199: - | R199: 0 | S199: 1118427.6 | T199: 0% | U199: -
... A203: 13.6 | B203: Demais Saldos (caixa) | C203: 0 | D203: 0 | E203: 0 | F203: 0 | G203: 0 | H203: 0 | I203: 0 | J203: 0 | K203: 0 | L203: 0 | M203: 0 | N203: - | O203: - | P203: - | Q203: - | R203: 0 | S203: 0 | T203: 0% | U203: -

Sheet bal maio 2026
A1: 001 - INSTITUTO POIESIS
A2: Período: | B2: 01/05/26 até 31/08/26 | C2: Balancete do período | D2: Data: 19/09/2026
A3: Conta: | B3: Hora: 13:30
A5: Em moeda corrente
A6: Conta | B6: Descrição | C6: Saldo anterior | D6: Débito | E6: Crédito | F6: Saldo
A7: 1 | B7: ATIVO | C7: 11560322 | D7: 4359402.3 | E7: 3819420.3 | F7: 12100304 | H7: =C7-F7 -> -539982.03 | I7: =+H7-H8+H48 -> 81292.3
A8: 1.1 | B8: ATIVO CIRCULANTE | C8: 6229335 | D8: 4359402.3 | E8: 3738128 | F8: 6850609.3 | H8: =C8-F8 -> -621274.33
A9: 1.1.01 | B9: CAIXA E EQUIVALENTE DE CAIXA | C9: 5977081.4 | D9: 3918261 | E9: 3724888.7 | F9: 6170453.6
A10: 1.1.01.01 | B10: CAIXA | C10: 2999.1 | D10: 0 | E10: 0 | F10: 2999.1 | H10: =C10-F10 -> 0
A11: 1.1.01.01.001 | B11: FUNDO FIXO - CASA DAS ROSAS | C11: 1000 | D11: 0 | E11: 0 | F11: 1000
A12: 1.1.01.01.002 | B12: FUNDO FIXO - CASA GUILHERME DE ALMEIDA | C12: 999.1 | D12: 0 | E12: 0 | F12: 999.1
A13: 1.1.01.01.003 | B13: FUNDO FIXO - CASA MÁRIO DE ANDRADE | C13: 1000 | D13: 0 | E13: 0 | F13: 1000
A14: 1.1.01.01.004 | B14: FUNDO FIXO - FC JARDIM SÃO LUIZ | C14: 0 | D14: 0 | E14: 0 | F14: 0
A15: 1.1.01.01.005 | B15: FUNDO FIXO - FC VL NOVA CACHOEIRINHA | C15: 0 | D15: 0 | E15: 0 | F15: 0
A16: 1.1.01.01.007 | B16: FUNDO FIXO - FC JARDIM CAPÃO REDONDO | C16: 0 | D16: 0 | E16: 0 | F16: 0
A17: 1.1.01.01.008 | B17: FUNDO FIXO - FC BRASILÂNDIA | C17: 0 | D17: 0 | E17: 0 | F17: 0
A18: 1.1.01.01.009 | B18: FUNDO FIXO - FC JAÇANÃ | C18: 0 | D18: 0 | E18: 0 | F18: 0
A19: 1.1.01.01.010 | B19: FUNDO FIXO - FC - DIADEMA | C19: 0 | D19: 0 | E19: 0 | F19: 0
A20: 1.1.01.01.011 | B20: FUNDO FIXO - FC - IGUAPE | C20: 0 | D20: 0 | E20: 0 | F20: 0
A21: 1.1.01.01.012 | B21: FUNDO FIXO - FC - OSASCO | C21: 0 | D21: 0 | E21: 0 | F21: 0
A22: 1.1.01.01.014 | B22: FUNDO FIXO - FC NUCLEO TAIPAS | C22: 0 | D22: 0 | E22: 0 | F22: 0
... A119: 1.2.04.02.001 | B119: AMORTIZÇÃO DE SOFTWARES | C119: -9635.46 | D119: 0 | E119: 0 | F119: -9635.46
A120: 2 | B120: PASSIVO | C120: -11560322 | D120: 1390207.9 | E120: 2000250.9 | F120: -12170365 | H120: =C120-F120 -> 610042.92 | I120: =+H120-H121 -> -27622.94
A121: 2.1 | B121: PASSIVO CIRCULANTE | C121: -1321198.6 | D121: 668378.8 | E121: 1274798.7 | F121: -1927618.5 | H121: =C121-F121+31245.98 -> 637665.86 | I121: =+[2]QUADRIMESTRAL!H99 -> 0
A122: 2.1.01 | B122: EXIGIVEIS A CURTO PRAZO | C122: -422631.42 | D122: 302278.04 | E122: 730395.01 | F122: -850748.39
A123: 2.1.01.01 | B123: FORNECEDORES | C123: -212338.37 | D123: 302278.04 | E123: 399730.56 | F123: -309790.89
A124: 2.1.01.01.001 | B124: FORNECEDORES NACIONAIS | C124: -16856.43 | D124: 14096.51 | E124: 50343.53 | F124: -53103.45
A125: 2.1.01.01.002 | B125: FORNECEDORES PRESTADORES DE SERVIÇOS-PJ | C125: -300 | D125: 288181.53 | E125: 349387.03 | F125: -61505.5
A126: 2.1.01.01.003 | B126: ESTORNOS DE PAGAMENTOS | C126: 0 | D126: 0 | E126: 0 | F126: 0
A127: 2.1.01.01.004 | B127: FORNECEDORES - PROVISÃO | C127: -178519.74 | D127: 0 | E127: 0 | F127: -178519.74 | I127: 31245.98
A128: 2.1.01.01.006 | B128: EMPRESTIMOS CONSIGNADO | C128: 0 | D128: 0 | E128: 0 | F128: 0
A129: 2.1.01.01.008 | B129: SEGUROS À PAGAR | C129: -13355.03 | D129: 0 | E129: 0 | F129: -13355.03
A130: 2.1.01.01.009 | B130: ADIANTAMENTO A CLIENTES | C130: -3307.17 | D130: 0 | E130: 0 | F130: -3307.17
A131: 2.1.01.02 | B131: CONTA CORRENTE ENTRE CONTRATOS | C131: -210293.05 | D131: 0 | E131: 330664.45 | F131: -540957.5
A132: 2.1.01.02.001 | B132: POIESIS - FILIAL 01 | C132: -47.19 | D132: 0 | E132: 0 | F132: -47.19
A133: 2.1.01.02.002 | B133: FÁBRICAS E CULTURA CG 03/2020 | C133: 319077.42 | D133: 0 | E133: 330664.45 | F133: -11587.03
A134: 2.1.01.02.003 | B134: MUSEUS - CG 01/2023 | C134: 413.51 | D134: 0 | E134: 0 | F134: 413.51
A135: 2.1.01.02.004 | B135: PRONAC Nº 230555 | C135: 0 | D135: 0 | E135: 0 | F135: 0
A136: 2.1.01.02.005 | B136: PRONAC Nº 247163 | C136: 0 | D136: 0 | E136: 0 | F136: 0
A137: 2.1.01.02.007 | B137: PROJETO FLUXO | C137: -13.98 | D137: 0 | E137: 0 | F137: -13.98
A138: 2.1.01.02.008 | B138: TRANSFERÊNCIAS ENTRE CONTRATOS | C138: -529722.81 | D138: 0 | E138: 0 | F138: -529722.81
A139: 2.1.02 | B139: OBRIGAÇÕES TRABALHISTAS E SOCIAIS | C139: -441658.56 | D139: 347152.51 | E139: 453813.23 | F139: -548319.28
... A204: 4 | B204: DESPESAS | C204: 3245695.6 | D204: 840731.13 | E204: 94687.28 | F204: 3991739.5
A205: 4.1 | B205: DESPESAS OPERACIONAIS | C205: 2695712.8 | D205: 736170.53 | E205: 26961.07 | F205: 3404922.2 | H205: =+D205-E205 -> 709209.46
A206: 4.1.01 | B206: DESPESAS COM PESSOAL | C206: 1568592.4 | D206: 390787.83 | E206: 23184.06 | F206: 1936196.2 | H206: =+H205-QUADRIMESTRAL!F12 -> 15592.91
A207: 4.1.01.01 | B207: PESSOAL / RH | C207: 807076.19 | D207: 193055.13 | E207: 3813.56 | F207: 996317.76
A208: 4.1.01.01.001 | B208: SALÁRIOS E ORDENADOS | C208: 766068.93 | D208: 191148.35 | E208: 0 | F208: 957217.28
A209: 4.1.01.01.002 | B209: HORAS EXTRAS | C209: 0 | D209: 0 | E209: 0 | F209: 0
A210: 4.1.01.01.003 | B210: DÉCIMO TERCEIRO SALÁRIO | C210: 0 | D210: 0 | E210: 0 | F210: 0
A211: 4.1.01.01.005 | B211: DESCANSO SEMANAL REMUNERADO | C211: 0 | D211: 0 | E211: 0 | F211: 0
A212: 4.1.01.01.007 | B212: INDENIZAÇÕES | C212: 1479.11 | D212: 0 | E212: 0 | F212: 1479.11
A213: 4.1.01.01.014 | B213: ADICIONAL PERICULOSIDADE | C213: 0 | D213: 0 | E213: 0 | F213: 0
A214: 4.1.01.01.017 | B214: PRO-LABORE | C214: 0 | D214: 0 | E214: 0 | F214: 0
A215: 4.1.01.01.018 | B215: RESCISÃO | C215: 39528.15 | D215: 1906.78 | E215: 3813.56 | F215: 37621.37
A216: 4.1.01.01.019 | B216: OUTROS PROVENTOS | C216: 0 | D216: 0 | E216: 0 | F216: 0
A217: 4.1.01.02 | B217: BENEFICIOS | C217: 195050.09 | D217: 76228.28 | E217: 16885.11 | F217: 254393.26
A218: 4.1.01.02.001 | B218: ASSISTÊNCIA MÉDICA | C218: 125838.06 | D218: 39971.75 | E218: 12077.11 | F218: 153732.7
... A392: 4.7.01.01.002 | B392: OUTRAS DESPESAS | C392: 0 | D392: 0 | E392: 0 | F392: 0
A393: Prejuízo Acumulado | B393: 62766489

Sheet bal junho 2026
A1: 001 - INSTITUTO POIESIS
A2: Período: | B2: 01/05/26 até 31/08/26 | C2: Balancete do período | D2: Data: 19/09/2026
A3: Conta: | B3: Hora: 13:30
A5: Em moeda corrente
A6: Conta | B6: Descrição | C6: Saldo anterior | D6: Débito | E6: Crédito | F6: Saldo
A7: 1 | B7: ATIVO | C7: 12100304 | D7: 4704844.9 | E7: 3390836.4 | F7: =12139450-724000 -> 11415450 | H7: =C7-F7 -> 684853.91 | I7: =+H7-H8+H48 -> 31142.7
A8: 1.1 | B8: ATIVO CIRCULANTE | C8: 6850609.3 | D8: 4691535 | E8: 3309544.1 | F8: =6920898.11-724000 -> 6196898.1 | H8: =C8-F8 -> 653711.21
A9: 1.1.01 | B9: CAIXA E EQUIVALENTE DE CAIXA | C9: 6170453.6 | D9: 4632965.9 | E9: 3280161.1 | F9: 6324559.4
A10: 1.1.01.01 | B10: CAIXA | C10: 2999.1 | D10: 0 | E10: 0 | F10: 2999.1
A11: 1.1.01.01.001 | B11: FUNDO FIXO - CASA DAS ROSAS | C11: 1000 | D11: 0 | E11: 0 | F11: 1000
A12: 1.1.01.01.002 | B12: FUNDO FIXO - CASA GUILHERME DE ALMEIDA | C12: 999.1 | D12: 0 | E12: 0 | F12: 999.1
A13: 1.1.01.01.003 | B13: FUNDO FIXO - CASA MÁRIO DE ANDRADE | C13: 1000 | D13: 0 | E13: 0 | F13: 1000
A14: 1.1.01.01.004 | B14: FUNDO FIXO - FC JARDIM SÃO LUIZ | C14: 0 | D14: 0 | E14: 0 | F14: 0
A15: 1.1.01.01.005 | B15: FUNDO FIXO - FC VL NOVA CACHOEIRINHA | C15: 0 | D15: 0 | E15: 0 | F15: 0
A16: 1.1.01.01.007 | B16: FUNDO FIXO - FC JARDIM CAPÃO REDONDO | C16: 0 | D16: 0 | E16: 0 | F16: 0
A17: 1.1.01.01.008 | B17: FUNDO FIXO - FC BRASILÂNDIA | C17: 0 | D17: 0 | E17: 0 | F17: 0
A18: 1.1.01.01.009 | B18: FUNDO FIXO - FC JAÇANÃ | C18: 0 | D18: 0 | E18: 0 | F18: 0
A19: 1.1.01.01.010 | B19: FUNDO FIXO - FC - DIADEMA | C19: 0 | D19: 0 | E19: 0 | F19: 0
A20: 1.1.01.01.011 | B20: FUNDO FIXO - FC - IGUAPE | C20: 0 | D20: 0 | E20: 0 | F20: 0
... A25: 1.1.01.02 | B25: BANCOS CONTA MOVIMENTO | C25: 0 | D25: 3749302.5 | E25: 2523200.5 | F25: 0
A26: 1.1.01.02.001 | B26: BANCO DO BRASIL - 106615-3 - POIESIS | C26: 0 | D26: 0 | E26: 0 | F26: -231.6 | K26: 0
A27: 1.1.01.02.002 | B27: BANCO DO BRASIL 60010-5 - R. DE REPASSE | C27: 0 | D27: 0 | E27: 0 | F27: -668663.98 | K27: 72644.16
A28: 1.1.01.02.004 | B28: BANCO DO BRASIL 60030-X - R. DE CONTING. | C28: 0 | D28: 0 | E28: 0 | F28: 0
A29: 1.1.01.02.006 | B29: BANCO DO BRASIL-11540-1 - R. DE REPASSE | C29: 0 | D29: 3589289.2 | E29: 2387401.9 | F29: 0 | K29: -567533.2
A30: 1.1.01.02.008 | B30: BANCO DO BRASIL-11542-8 - R. DE CONTING. | C30: 0 | D30: 14509.04 | E30: 14509.04 | F30: 0
A31: 1.1.01.02.009 | B31: BANCO DO BRASIL-11544-4 - R. DE CAPTAÇÃO | C31: 0 | D31: 145504.22 | E31: 121289.5 | F31: 0 | K31: -48429.44
A32: 1.1.01.02.011 | B32: BANCO DO BRASIL-12428-1 -PRONAC-247163 | C32: 0 | D32: 0 | E32: 0 | F32: 0
A33: 1.1.01.02.013 | B33: BANCO DO BRASIL-13279-9 - PROJETO FLUXO SP | C33: 0 | D33: 0 | E33: 0 | F33: 0
A34: 1.1.01.02.014 | B34: BANCO DO BRASIL-13280-2 - PROJETO FLUXO SP | C34: 0 | D34: 0 | E34: 0 | F34: 0
A35: 1.1.01.03 | B35: APLICAÇÕES FINANCEIRAS | C35: 6167454.5 | D35: 883663.47 | E35: 756960.62 | F35: 6321560.3
A36: 1.1.01.03.001 | B36: BANCO DO BRASIL - 106615-3 - POIESIS | C36: 0 | D36: 0 | E36: 0 | F36: 0
A37: 1.1.01.03.002 | B37: BANCO DO BRASIL 60010-5 - APLIC - R. DE REPASSE | C37: 0 | D37: 0 | E37: 0 | F37: 0
A38: 1.1.01.03.004 | B38: BANCO DO BRASIL 60030-X - R. DE CONTING. | C38: 0 | D38: 0 | E38: 0 | F38: 0
A39: 1.1.01.03.006 | B39: BANCO DO BRASIL-11540-1 - R. DE REPASSE | C39: 3622899.3 | D39: 831151.91 | E39: 756744.72 | F39: 3750107.5 | H39: 3750107.5 | I39: 0
A40: 1.1.01.03.007 | B40: BANCO DO BRASIL-11541-X - R. DE RESERVA | C40: 652457.7 | D40: 13542.05 | E40: 0 | F40: 659410.42 | H40: 659410.42 | I40: 0
A41: 1.1.01.03.008 | B41: BANCO DO BRASIL-11542-8 - R. DE CONTING. | C41: 845288.26 | D41: 17476.71 | E41: 0 | F41: 854295.82 | H41: 854295.82 | I41: 0
A42: 1.1.01.03.009 | B42: BANCO DO BRASIL-11544-4 - R. DE CAPTAÇÃO | C42: 1046809.3 | D42: 21492.8 | E42: 215.9 | F42: 1057746.5 | H42: 1057746.5 | I42: 0
A43: 1.1.01.03.013 | B43: BANCO DO BRASIL 12428-1 MINC PRONAC 247163 INVEST F | C43: 0 | D43: 0 | E43: 0 | F43: 0
A44: 1.1.02 | B44: REALIZAVEIS A CURTO PRAZO | C44: 680155.7 | D44: 61291.98 | E44: 56163.04 | F44: 685284.64
A45: 1.1.02.01 | B45: CONTAS A RECEBER | C45: 57794.08 | D45: 0 | E45: 0 | F45: 57794.08
A46: 1.1.02.01.001 | B46: CONTAS A RECEBER | C46: 9364.64 | D46: 0 | E46: 0 | F46: 9364.64
A47: 1.1.02.01.002 | B47: ALUGUEIS A RECEBER | C47: 48429.44 | D47: 0 | E47: 0 | F47: 48429.44
A48: 1.1.02.01.010 | B48: VALORES A IDENTIFICAR | C48: 0 | D48: 0 | E48: 0 | F48: 0
A49: 1.1.02.02 | B49: ADIANTAMENTOS | C49: 603766.79 | D49: 61291.98 | E49: 53905.53 | F49: 611153.24
A50: 1.1.02.02.001 | B50: ADIANTAMENTO DE FERIAS | C50: 754.23 | D50: 6675.21 | E50: 1801.5 | F50: 5627.94
A51: 1.1.02.02.002 | B51: ADIANTAMENTO A FORNECEDORES | C51: 564517.45 | D51: 3637.09 | E51: 1124.35 | F51: 567030.19
A52: 1.1.02.02.003 | B52: ADIANTAMENTO SALARIAL | C52: 52.14 | D52: 0 | E52: 0 | F52: 52.14
A53: 1.1.02.02.005 | B53: ADIANTAMENTO PARA DESPESAS DE EVENTOS | C53: 18772.2 | D53: 0 | E53: 0 | F53: 18772.2
A54: 1.1.02.02.009 | B54: ADIANTAMENTOS DIÁRIAS DE VIAGEM | C54: 3928 | D54: 0 | E54: 0 | F54: 3928
... A79: 1.2.02.01.011 | B79: VEÍCULOS | C79: 0 | D79: 0 | E79: 0 | F79: 0
A80: 1.2.02.02 | B80: DEPRECIAÇÃO ACUMULADAS | C80: -1541421.8 | D80: 0 | E80: 66395.7 | F80: -1607817.5 | H80: 53085.8
A81: 1.2.02.02.001 | B81: DEPREC. ACUM. MÓVEIS E UTENSÍLIOS | C81: -15649.86 | D81: 0 | E81: 614.76 | F81: -16264.62
A82: 1.2.02.02.002 | B82: DEPREC. ACUM. INSTALAÇÕES | C82: -58262.83 | D82: 0 | E82: 2210.96 | F82: -60473.79
A83: 1.2.02.02.003 | B83: DEPREC. ACUM. EQUIPAMENTOS DE INFORMÁTICA | C83: -27250.28 | D83: 0 | E83: 1093.33 | F83: -28343.61
A84: 1.2.02.02.004 | B84: DEPREC. ACUM. EQUIPAMENTOS DE TELECOMUNICAÇÕES | C84: -24858.6 | D84: 0 | E84: 973.19 | F84: -25831.79
A85: 1.2.02.02.005 | B85: DEPREC. ACUM. EQUIPAMENTOS DE SOM/LUZ | C85: 0 | D85: 0 | E85: 0 | F85: 0
A86: 1.2.02.02.006 | B86: DEPREC. ACUM. EQUIPAMENTOS DE AUDIO E VIDEO | C86: -4156.22 | D86: 0 | E86: 146 | F86: -4302.22
A87: 1.2.02.02.008 | B87: DEPREC. ACUM. MÁQUINAS E EQUIPAMENTOS | C87: -22.41 | D87: 0 | E87: 0 | F87: -22.41
A88: 1.2.02.02.009 | B88: DEPREC. ACUM. BENFEITORIAS EM IMOVEIS DE TERCEIROS | C88: -1411221.6 | D88: 0 | E88: 61357.46 | F88: -1472579
A89: 1.2.02.02.011 | B89: DEPREC. ACUM. VEÍCULOS | C89: 0 | D89: 0 | E89: 0 | F89: 0
A90: 1.2.02.03 | B90: IMOBILIZADO DE TERCEIROS | C90: 3710464.4 | D90: 0 | E90: 0 | F90: 3710464.4
A91: 1.2.02.03.001 | B91: MÓVEIS E UTENSÍLIOS | C91: 207310.92 | D91: 0 | E91: 0 | F91: 207310.92
A92: 1.2.02.03.002 | B92: INSTALAÇÕES | C92: 97042.79 | D92: 0 | E92: 0 | F92: 97042.79
... A119: 1.2.04.02.001 | B119: AMORTIZÇÃO DE SOFTWARES | C119: -9635.46 | D119: 0 | E119: 0 | F119: -9635.46
A120: 2 | B120: PASSIVO | C120: -11839700 | D120: 1609757.8 | E120: 2036029.4 | F120: -12265972 | H120: =C120-F120 -> 426271.62 | I120: =+H120-H121 -> -130936.04
A121: 2.1 | B121: PASSIVO CIRCULANTE | C121: -1596954 | D121: 793899.68 | E121: 1310577.3 | F121: -2113631.6 | H121: =C121-F121+40530.08 -> 557207.66 | I121: =+[2]QUADRIMESTRAL!H99 -> 0
A122: 2.1.01 | B122: EXIGIVEIS A CURTO PRAZO | C122: -520083.94 | D122: 437700.99 | E122: 822475.96 | F122: -904858.91
A123: 2.1.01.01 | B123: FORNECEDORES | C123: -309790.89 | D123: 437700.99 | E123: 491811.51 | F123: -363901.41
A124: 2.1.01.01.001 | B124: FORNECEDORES NACIONAIS | C124: -53103.45 | D124: 35024.33 | E124: 81138.05 | F124: -99217.17 | I124: 129237.83
A125: 2.1.01.01.002 | B125: FORNECEDORES PRESTADORES DE SERVIÇOS-PJ | C125: -61505.5 | D125: 402676.66 | E125: 410673.46 | F125: -69502.3 | H125: -40530.08
A126: 2.1.01.01.003 | B126: ESTORNOS DE PAGAMENTOS | C126: 0 | D126: 0 | E126: 0 | F126: 0
A127: 2.1.01.01.004 | B127: FORNECEDORES - PROVISÃO | C127: -178519.74 | D127: 0 | E127: 0 | F127: -178519.74
A128: 2.1.01.01.006 | B128: EMPRESTIMOS CONSIGNADO | C128: 0 | D128: 0 | E128: 0 | F128: 0
A129: 2.1.01.01.008 | B129: SEGUROS À PAGAR | C129: -13355.03 | D129: 0 | E129: 0 | F129: -13355.03
A130: 2.1.01.01.009 | B130: ADIANTAMENTO A CLIENTES | C130: -3307.17 | D130: 0 | E130: 0 | F130: -3307.17
A131: 2.1.01.02 | B131: CONTA CORRENTE ENTRE CONTRATOS | C131: -210293.05 | D131: 0 | E131: 330664.45 | F131: -540957.5
A132: 2.1.01.02.001 | B132: POIESIS - FILIAL 01 | C132: -47.19 | D132: 0 | E132: 0 | F132: -47.19
A133: 2.1.01.02.002 | B133: FÁBRICAS E CULTURA CG 03/2020 | C133: 319077.42 | D133: 0 | E133: 330664.45 | F133: -11587.03
A134: 2.1.01.02.003 | B134: MUSEUS - CG 01/2023 | C134: 413.51 | D134: 0 | E134: 0 | F134: 413.51
A135: 2.1.01.02.004 | B135: PRONAC Nº 230555 | C135: 0 | D135: 0 | E135: 0 | F135: 0
A136: 2.1.01.02.005 | B136: PRONAC Nº 247163 | C136: 0 | D136: 0 | E136: 0 | F136: 0
A137: 2.1.01.02.007 | B137: PROJETO FLUXO | C137: -13.98 | D137: 0 | E137: 0 | F137: -13.98
... A177: 2.2.02.01.001 | B177: CONTRATO DE GESTÃO - RECEITA A APROPRIAR | C177: -3770506.5 | D177: 734565.83 | E177: 725452.17 | F177: -3761392.8
A178: 2.2.02.01.002 | B178: CONTRATO DE GESTÃO - FD RESERVAS | C178: -578758.76 | D178: 0 | E178: 0 | F178: -578758.76 | H178: 80651.66
A179: 2.2.02.01.003 | B179: CONTRATO DE GESTÃO - FD CONTINGÊNCIA | C179: -643786.51 | D179: 0 | E179: 0 | F179: -643786.51 | H179: 210509.31
A180: 2.2.02.01.004 | B180: OBRIGAÇÔES COM ESTADO-IMOBILIZADO-DEPREC | C180: -2609111.5 | D180: 66395.7 | E180: 0 | F180: -2542715.8 | H180: 19000.07
A181: 2.2.03 | B181: OUTRAS CONTAS A PAGAR | C181: -2640583.1 | D181: 14896.6 | E181: 0 | F181: -2625686.5
A182: 2.2.03.01 | B182: OUTRAS CONTAS A PAGAR | C182: 0 | D182: 0 | E182: 0 | F182: 0
A183: 2.2.03.01.001 | B183: PROVISÕES TRABALHISTA | C183: 0 | D183: 0 | E183: 0 | F183: 0
A184: 2.2.03.02 | B184: OUTRAS OBRIGACOES | C184: -2640583.1 | D184: 14896.6 | E184: 0 | F184: -2625686.5
A185: 2.2.03.02.001 | B185: OUTRAS OBRIGACOES C/ SEC | C185: -2640583.1 | D185: 14896.6 | E185: 0 | F185: -2625686.5 | H185: -19000.07
A186: 2.3 | B186: PATRIMONIO SOCIAL | C186: 0 | D186: 0 | E186: 0 | F186: 0
A187: 2.3.01 | B187: PATRIMONIO SOCIAL | C187: 0 | D187: 0 | E187: 0 | F187: 0
A188: 2.3.01.01 | B188: PATRIMONIO SOCIAL | C188: 0 | D188: 0 | E188: 0 | F188: 0
A189: 2.3.01.01.001 | B189: PATRIMONIO SOCIAL | C189: 0 | D189: 0 | E189: 0 | F189: 0
A190: 2.3.02 | B190: SUPERAVIT/DEFICIT ACUMULADOS | C190: 0 | D190: 0 | E190: 0 | F190: 0
A191: 2.3.02.01 | B191: SUPERAVIT/DEFICIT ACUMULADOS | C191: 0 | D191: 0 | E191: 0 | F191: 0
A192: 2.3.02.01.001 | B192: SUPERAVIT/DEFICIT ACUMULADO | C192: 0 | D192: 0 | E192: 0 | F192: 0
A193: 3 | B193: RECEITAS OPERACIONAIS | C193: -3991739.5 | D193: 0 | E193: 807972.67 | F193: -4799712.1
A194: 3.1 | B194: RECEITA BRUTA | C194: -3991739.5 | D194: 0 | E194: 807972.67 | F194: -4799712.1
...

Sheet bal julho 2026
A1: 001 - INSTITUTO POIESIS
A2: Período: | B2: 01/05/26 até 31/08/26 | C2: Balancete do período | D2: Data: 19/09/2026
A3: Conta: | B3: Hora: 13:30
A5: Em moeda corrente
A6: Conta | B6: Descrição | C6: Saldo anterior | D6: Débito | E6: Crédito | F6: Saldo
A7: 1 | B7: ATIVO | C7: 12139450 | D7: 4194072.2 | E7: 3915508.6 | F7: 12330107 | H7: =C7-F7 -> -190657.06 | I7: =+H7-H8+H48 -> 118132
A8: 1.1 | B8: ATIVO CIRCULANTE | C8: 6920898.1 | D8: 4180762.3 | E8: 3834216.3 | F8: 7229687.2 | H8: =C8-F8 -> -308789.06
A9: 1.1.01 | B9: CAIXA E EQUIVALENTE DE CAIXA | C9: 6324559.4 | D9: 4122193.2 | E9: 3804833.3 | F9: 6515216.4
A10: 1.1.01.01 | B10: CAIXA | C10: 2999.1 | D10: 0 | E10: 0 | F10: 2999.1
A11: 1.1.01.01.001 | B11: FUNDO FIXO - CASA DAS ROSAS | C11: 1000 | D11: 0 | E11: 0 | F11: 1000
A12: 1.1.01.01.002 | B12: FUNDO FIXO - CASA GUILHERME DE ALMEIDA | C12: 999.1 | D12: 0 | E12: 0 | F12: 999.1
A13: 1.1.01.01.003 | B13: FUNDO FIXO - CASA MÁRIO DE ANDRADE | C13: 1000 | D13: 0 | E13: 0 | F13: 1000
A14: 1.1.01.01.004 | B14: FUNDO FIXO - FC JARDIM SÃO LUIZ | C14: 0 | D14: 0 | E14: 0 | F14: 0
A15: 1.1.01.01.005 | B15: FUNDO FIXO - FC VL NOVA CACHOEIRINHA | C15: 0 | D15: 0 | E15: 0 | F15: 0
A16: 1.1.01.01.007 | B16: FUNDO FIXO - FC JARDIM CAPÃO REDONDO | C16: 0 | D16: 0 | E16: 0 | F16: 0
A17: 1.1.01.01.008 | B17: FUNDO FIXO - FC BRASILÂNDIA | C17: 0 | D17: 0 | E17: 0 | F17: 0
A18: 1.1.01.01.009 | B18: FUNDO FIXO - FC JAÇANÃ | C18: 0 | D18: 0 | E18: 0 | F18: 0
A19: 1.1.01.01.010 | B19: FUNDO FIXO - FC - DIADEMA | C19: 0 | D19: 0 | E19: 0 | F19: 0
A20: 1.1.01.01.011 | B20: FUNDO FIXO - FC - IGUAPE | C20: 0 | D20: 0 | E20: 0 | F20: 0
... A119: 1.2.04.02.001 | B119: AMORTIZÇÃO DE SOFTWARES | C119: -9635.46 | D119: 0 | E119: 0 | F119: -9635.46
A120: 2 | B120: PASSIVO | C120: -11935308 | D120: 1339594.5 | E120: 1802970.4 | F120: -12398683 | H120: =C120-F120 -> 463375.89 | I120: =+H120-H121 -> 88737.65
A121: 2.1 | B121: PASSIVO CIRCULANTE | C121: -1782967.2 | D121: 706900.51 | E121: 1064208.3 | F121: -2140275 | H121: =C121-F121+17330.46 -> 374638.24 | I121: =+[2]QUADRIMESTRAL!H99 -> 0
A122: 2.1.01 | B122: EXIGIVEIS A CURTO PRAZO | C122: -574194.46 | D122: 441990.34 | E122: 706811.49 | F122: -839015.61
A123: 2.1.01.01 | B123: FORNECEDORES | C123: -363901.41 | D123: 441990.34 | E123: 376147.04 | F123: -298058.11
A124: 2.1.01.01.001 | B124: FORNECEDORES NACIONAIS | C124: -99217.17 | D124: 29897.72 | E124: 43792.54 | F124: -113111.99 | H124: -17330.46
A125: 2.1.01.01.002 | B125: FORNECEDORES PRESTADORES DE SERVIÇOS-PJ | C125: -69502.3 | D125: 412092.62 | E125: 332354.5 | F125: 10235.82
A126: 2.1.01.01.003 | B126: ESTORNOS DE PAGAMENTOS | C126: 0 | D126: 0 | E126: 0 | F126: 0
A127: 2.1.01.01.004 | B127: FORNECEDORES - PROVISÃO | C127: -178519.74 | D127: 0 | E127: 0 | F127: -178519.74
A128: 2.1.01.01.006 | B128: EMPRESTIMOS CONSIGNADO | C128: 0 | D128: 0 | E128: 0 | F128: 0
A129: 2.1.01.01.008 | B129: SEGUROS À PAGAR | C129: -13355.03 | D129: 0 | E129: 0 | F129: -13355.03
A130: 2.1.01.01.009 | B130: ADIANTAMENTO A CLIENTES | C130: -3307.17 | D130: 0 | E130: 0 | F130: -3307.17
A131: 2.1.01.02 | B131: CONTA CORRENTE ENTRE CONTRATOS | C131: -210293.05 | D131: 0 | E131: 330664.45 | F131: -540957.5
A132: 2.1.01.02.001 | B132: POIESIS - FILIAL 01 | C132: -47.19 | D132: 0 | E132: 0 | F132: -47.19
A133: 2.1.01.02.002 | B133: FÁBRICAS E CULTURA CG 03/2020 | C133: 319077.42 | D133: 0 | E133: 330664.45 | F133: -11587.03
A134: 2.1.01.02.003 | B134: MUSEUS - CG 01/2023 | C134: 413.51 | D134: 0 | E134: 0 | F134: 413.51
A135: 2.1.01.02.004 | B135: PRONAC Nº 230555 | C135: 0 | D135: 0 | E135: 0 | F135: 0
A136: 2.1.01.02.005 | B136: PRONAC Nº 247163 | C136: 0 | D136: 0 | E136: 0 | F136: 0
... A392: 4.7.01.01.002 | B392: OUTRAS DESPESAS | C392: 0 | D392: 0 | E392: 0 | F392: 0
A393: Prejuízo Acumulado | B393: 62766489

Sheet bal agosto 2026
A1: 001 - INSTITUTO POIESIS
A2: Período: | B2: 01/05/26 até 31/08/26 | C2: Balancete do período | D2: Data: 19/09/2026
A3: Conta: | B3: Hora: 13:30
A5: Em moeda corrente
A6: Conta | B6: Descrição | C6: Saldo anterior | D6: Débito | E6: Crédito | F6: Saldo
A7: 1 | B7: ATIVO | C7: 12330107 | D7: 4137712.8 | E7: 3624053.6 | F7: 12642872 | H7: =C7-F7 -> -312764.64 | I7: =+H7-H8+H48 -> 81403.22
A8: 1.1 | B8: ATIVO CIRCULANTE | C8: 7229687.2 | D8: 4137712.8 | E8: 3542650.4 | F8: 7623855 | H8: =C8-F8 -> -394167.86
A9: 1.1.01 | B9: CAIXA E EQUIVALENTE DE CAIXA | C9: 6515216.4 | D9: 4017679.2 | E9: 3528796.3 | F9: 6803204.8
A10: 1.1.01.01 | B10: CAIXA | C10: 2999.1 | D10: 0 | E10: 0 | F10: 2999.1
A11: 1.1.01.01.001 | B11: FUNDO FIXO - CASA DAS ROSAS | C11: 1000 | D11: 0 | E11: 0 | F11: 1000
A12: 1.1.01.01.002 | B12: FUNDO FIXO - CASA GUILHERME DE ALMEIDA | C12: 999.1 | D12: 0 | E12: 0 | F12: 999.1
A13: 1.1.01.01.003 | B13: FUNDO FIXO - CASA MÁRIO DE ANDRADE | C13: 1000 | D13: 0 | E13: 0 | F13: 1000
A14: 1.1.01.01.004 | B14: FUNDO FIXO - FC JARDIM SÃO LUIZ | C14: 0 | D14: 0 | E14: 0 | F14: 0
A15: 1.1.01.01.005 | B15: FUNDO FIXO - FC VL NOVA CACHOEIRINHA | C15: 0 | D15: 0 | E15: 0 | F15: 0
A16: 1.1.01.01.007 | B16: FUNDO FIXO - FC JARDIM CAPÃO REDONDO | C16: 0 | D16: 0 | E16: 0 | F16: 0
A17: 1.1.01.01.008 | B17: FUNDO FIXO - FC BRASILÂNDIA | C17: 0 | D17: 0 | E17: 0 | F17: 0
A18: 1.1.01.01.009 | B18: FUNDO FIXO - FC JAÇANÃ | C18: 0 | D18: 0 | E18: 0 | F18: 0
A19: 1.1.01.01.010 | B19: FUNDO FIXO - FC - DIADEMA | C19: 0 | D19: 0 | E19: 0 | F19: 0
A20: 1.1.01.01.011 | B20: FUNDO FIXO - FC - IGUAPE | C20: 0 | D20: 0 | E20: 0 | F20: 0
... A28: 1.1.01.02.004 | B28: BANCO DO BRASIL 60030-X - R. DE CONTING. | C28: 0 | D28: 0 | E28: 0 | F28: 0
A29: 1.1.01.02.006 | B29: BANCO DO BRASIL-11540-1 - R. DE REPASSE | C29: 0 | D29: 2887364.8 | E29: 2887364.8 | F29: 0 | K29: 1769420.5
A30: 1.1.01.02.008 | B30: BANCO DO BRASIL-11542-8 - R. DE CONTING. | C30: 0 | D30: 7254.52 | E30: 7254.52 | F30: 0
A31: 1.1.01.02.009 | B31: BANCO DO BRASIL-11544-4 - R. DE CAPTAÇÃO | C31: 0 | D31: 97074.78 | E31: 97074.78 | F31: 0 | K31: 72644.16
A32: 1.1.01.02.011 | B32: BANCO DO BRASIL-12428-1 -PRONAC-247163 | C32: 0 | D32: 0 | E32: 0 | F32: 0
A33: 1.1.01.02.013 | B33: BANCO DO BRASIL-13279-9 - PROJETO FLUXO SP | C33: 0 | D33: 0 | E33: 0 | F33: 0
A34: 1.1.01.02.014 | B34: BANCO DO BRASIL-13280-2 - PROJETO FLUXO SP | C34: 0 | D34: 0 | E34: 0 | F34: 0
A35: 1.1.01.03 | B35: APLICAÇÕES FINANCEIRAS | C35: 6512217.3 | D35: 1025985.1 | E35: 537102.25 | F35: 6800205.7
A36: 1.1.01.03.001 | B36: BANCO DO BRASIL - 106615-3 - POIESIS | C36: 0 | D36: 0 | E36: 0 | F36: 0
A37: 1.1.01.03.002 | B37: BANCO DO BRASIL 60010-5 - APLIC - R. DE REPASSE | C37: 0 | D37: 0 | E37: 0 | F37: 0
A38: 1.1.01.03.004 | B38: BANCO DO BRASIL 60030-X - R. DE CONTING. | C38: 0 | D38: 0 | E38: 0 | F38: 0
A39: 1.1.01.03.006 | B39: BANCO DO BRASIL-11540-1 - R. DE REPASSE | C39: 3848492.1 | D39: 884623.06 | E39: 536886.35 | F39: 4077611.6 | H39: 4077611.6 | I39: 0
A40: 1.1.01.03.007 | B40: BANCO DO BRASIL-11541-X - R. DE RESERVA | C40: 667040.03 | D40: 28119.79 | E40: 0 | F40: 673988.16 | H40: 673988.16 | I40: 0
A41: 1.1.01.03.008 | B41: BANCO DO BRASIL-11542-8 - R. DE CONTING. | C41: 878257.57 | D41: 43551.52 | E41: 0 | F41: 894447.87 | H41: 894447.87 | I41: 0
A42: 1.1.01.03.009 | B42: BANCO DO BRASIL-11544-4 - R. DE CAPTAÇÃO | C42: 1118427.6 | D42: 69690.76 | E42: 215.9 | F42: 1154158 | H42: 1154158 | I42: 0
A43: 1.1.01.03.013 | B43: BANCO DO BRASIL 12428-1 MINC PRONAC 247163 INVEST F | C43: 0 | D43: 0 | E43: 0 | F43: 0
A44: 1.1.02 | B44: REALIZAVEIS A CURTO PRAZO | C44: 714470.73 | D44: 120033.56 | E44: 13854.06 | F44: 820650.23
A45: 1.1.02.01 | B45: CONTAS A RECEBER | C45: 57794.08 | D45: 0 | E45: 0 | F45: 57794.08
A46: 1.1.02.01.001 | B46: CONTAS A RECEBER | C46: 9364.64 | D46: 0 | E46: 0 | F46: 9364.64
A47: 1.1.02.01.002 | B47: ALUGUEIS A RECEBER | C47: 48429.44 | D47: 0 | E47: 0 | F47: 48429.44
A48: 1.1.02.01.010 | B48: VALORES A IDENTIFICAR | C48: 0 | D48: 0 | E48: 0 | F48: 0
A49: 1.1.02.02 | B49: ADIANTAMENTOS | C49: 642596.84 | D49: 120033.56 | E49: 11596.55 | F49: 751033.85
A50: 1.1.02.02.001 | B50: ADIANTAMENTO DE FERIAS | C50: 10799.6 | D50: 0 | E50: 11269.55 | F50: -469.95
A51: 1.1.02.02.002 | B51: ADIANTAMENTO A FORNECEDORES | C51: 605387.35 | D51: 120033.56 | E51: 327 | F51: 725093.91
A52: 1.1.02.02.003 | B52: ADIANTAMENTO SALARIAL | C52: 52.14 | D52: 0 | E52: 0 | F52: 52.14
A53: 1.1.02.02.005 | B53: ADIANTAMENTO PARA DESPESAS DE EVENTOS | C53: 18772.2 | D53: 0 | E53: 0 | F53: 18772.2
A54: 1.1.02.02.009 | B54: ADIANTAMENTOS DIÁRIAS DE VIAGEM | C54: 3928 | D54: 0 | E54: 0 | F54: 3928
... A79: 1.2.02.01.011 | B79: VEÍCULOS | C79: 0 | D79: 0 | E79: 0 | F79: 0
A80: 1.2.02.02 | B80: DEPRECIAÇÃO ACUMULADAS | C80: -1674213.2 | D80: 0 | E80: 66395.7 | F80: -1740608.9 | H80: 66395.7
A81: 1.2.02.02.001 | B81: DEPREC. ACUM. MÓVEIS E UTENSÍLIOS | C81: -16879.38 | D81: 0 | E81: 614.76 | F81: -17494.14
A82: 1.2.02.02.002 | B82: DEPREC. ACUM. INSTALAÇÕES | C82: -62684.75 | D82: 0 | E82: 2210.96 | F82: -64895.71
A83: 1.2.02.02.003 | B83: DEPREC. ACUM. EQUIPAMENTOS DE INFORMÁTICA | C83: -29436.94 | D83: 0 | E83: 1093.33 | F83: -30530.27
A84: 1.2.02.02.004 | B84: DEPREC. ACUM. EQUIPAMENTOS DE TELECOMUNICAÇÕES | C84: -26804.98 | D84: 0 | E84: 973.19 | F84: -27778.17
A85: 1.2.02.02.005 | B85: DEPREC. ACUM. EQUIPAMENTOS DE SOM/LUZ | C85: 0 | D85: 0 | E85: 0 | F85: 0
A86: 1.2.02.02.006 | B86: DEPREC. ACUM. EQUIPAMENTOS DE AUDIO E VIDEO | C86: -4448.22 | D86: 0 | E86: 146 | F86: -4594.22
A87: 1.2.02.02.008 | B87: DEPREC. ACUM. MÁQUINAS E EQUIPAMENTOS | C87: -22.41 | D87: 0 | E87: 0 | F87: -22.41
A88: 1.2.02.02.009 | B88: DEPREC. ACUM. BENFEITORIAS EM IMOVEIS DE TERCEIROS | C88: -1533936.5 | D88: 0 | E88: 61357.46 | F88: -1595294
A89: 1.2.02.02.011 | B89: DEPREC. ACUM. VEÍCULOS | C89: 0 | D89: 0 | E89: 0 | F89: 0
A90: 1.2.02.03 | B90: IMOBILIZADO DE TERCEIROS | C90: 3710464.4 | D90: 0 | E90: 0 | F90: 3710464.4
A91: 1.2.02.03.001 | B91: MÓVEIS E UTENSÍLIOS | C91: 207310.92 | D91: 0 | E91: 0 | F91: 207310.92
A92: 1.2.02.03.002 | B92: INSTALAÇÕES | C92: 97042.79 | D92: 0 | E92: 0 | F92: 97042.79
... A119: 1.2.04.02.001 | B119: AMORTIZÇÃO DE SOFTWARES | C119: -9635.46 | D119: 0 | E119: 0 | F119: -9635.46
A120: 2 | B120: PASSIVO | C120: -12068019 | D120: 1651186 | E120: 2226038.8 | F120: -12642872 | H120: =C120-F120 -> 574852.74 | I120: =+H120-H121 -> -20876.74
A121: 2.1 | B121: PASSIVO CIRCULANTE | C121: -1809610.5 | D121: 558966.37 | E121: 1154695.8 | F121: -2405340 | H121: =C121-F121 -> 595729.48 | I121: =+[2]QUADRIMESTRAL!H99 -> 0
A122: 2.1.01 | B122: EXIGIVEIS A CURTO PRAZO | C122: -508351.16 | D122: 328298.31 | E122: 755749.69 | F122: -935802.54
A123: 2.1.01.01 | B123: FORNECEDORES | C123: -298058.11 | D123: 328298.31 | E123: 425085.24 | F123: -394845.04
A124: 2.1.01.01.001 | B124: FORNECEDORES NACIONAIS | C124: -113111.99 | D124: 114143.75 | E124: 178609.74 | F124: -177577.98
A125: 2.1.01.01.002 | B125: FORNECEDORES PRESTADORES DE SERVIÇOS-PJ | C125: 10235.82 | D125: 214154.56 | E125: 246475.5 | F125: -22085.12
A126: 2.1.01.01.003 | B126: ESTORNOS DE PAGAMENTOS | C126: 0 | D126: 0 | E126: 0 | F126: 0
A127: 2.1.01.01.004 | B127: FORNECEDORES - PROVISÃO | C127: -178519.74 | D127: 0 | E127: 0 | F127: -178519.74
A128: 2.1.01.01.006 | B128: EMPRESTIMOS CONSIGNADO | C128: 0 | D128: 0 | E128: 0 | F128: 0
A129: 2.1.01.01.008 | B129: SEGUROS À PAGAR | C129: -13355.03 | D129: 0 | E129: 0 | F129: -13355.03
A130: 2.1.01.01.009 | B130: ADIANTAMENTO A CLIENTES | C130: -3307.17 | D130: 0 | E130: 0 | F130: -3307.17
A131: 2.1.01.02 | B131: CONTA CORRENTE ENTRE CONTRATOS | C131: -210293.05 | D131: 0 | E131: 330664.45 | F131: -540957.5
A132: 2.1.01.02.001 | B132: POIESIS - FILIAL 01 | C132: -47.19 | D132: 0 | E132: 0 | F132: -47.19
A133: 2.1.01.02.002 | B133: FÁBRICAS E CULTURA CG 03/2020 | C133: 319077.42 | D133: 0 | E133: 330664.45 | F133: -11587.03
... A177: 2.2.02.01.001 | B177: CONTRATO DE GESTÃO - RECEITA A APROPRIAR | C177: -3935443.3 | D177: 1010816.4 | E177: 725452.17 | F177: -3650079
A178: 2.2.02.01.002 | B178: CONTRATO DE GESTÃO - FD RESERVAS | C178: -578758.76 | D178: 0 | E178: 95229.4 | F178: -673988.16 | H178: 0
A179: 2.2.02.01.003 | B179: CONTRATO DE GESTÃO - FD CONTINGÊNCIA | C179: -643786.51 | D179: 0 | E179: 250661.36 | F179: -894447.87 | H179: 0
A180: 2.2.02.01.004 | B180: OBRIGAÇÔES COM ESTADO-IMOBILIZADO-DEPREC | C180: -2476320.1 | D180: 66395.7 | E180: 0 | F180: -2409924.4 | H180: 19000.07
A181: 2.2.03 | B181: OUTRAS CONTAS A PAGAR | C181: -2624099.8 | D181: 15007.52 | E181: 0 | F181: -2609092.3
A182: 2.2.03.01 | B182: OUTRAS CONTAS A PAGAR | C182: 0 | D182: 0 | E182: 0 | F182: 0
A183: 2.2.03.01.001 | B183: PROVISÕES TRABALHISTA | C183: 0 | D183: 0 | E183: 0 | F183: 0
A184: 2.2.03.02 | B184: OUTRAS OBRIGACOES | C184: -2624099.8 | D184: 15007.52 | E184: 0 | F184: -2609092.3
A185: 2.2.03.02.001 | B185: OUTRAS OBRIGACOES C/ SEC | C185: -2624099.8 | D185: 15007.52 | E185: 0 | F185: -2609092.3 | H185: -19000.07
A186: 2.3 | B186: PATRIMONIO SOCIAL | C186: 0 | D186: 0 | E186: 0 | F186: 0
A187: 2.3.01 | B187: PATRIMONIO SOCIAL | C187: 0 | D187: 0 | E187: 0 | F187: 0
A188: 2.3.01.01 | B188: PATRIMONIO SOCIAL | C188: 0 | D188: 0 | E188: 0 | F188: 0
A189: 2.3.01.01.001 | B189: PATRIMONIO SOCIAL | C189: 0 | D189: 0 | E189: 0 | F189: 0
A190: 2.3.02 | B190: SUPERAVIT/DEFICIT ACUMULADOS | C190: 0 | D190: 0 | E190: 0 | F190: 0
A191: 2.3.02.01 | B191: SUPERAVIT/DEFICIT ACUMULADOS | C191: 0 | D191: 0 | E191: 0 | F191: 0
A192: 2.3.02.01.001 | B192: SUPERAVIT/DEFICIT ACUMULADO | C192: 0 | D192: 0 | E192: 0 | F192: 0
A193: 3 | B193: RECEITAS OPERACIONAIS | C193: -5475411.1 | D193: 0 | E193: 738443.45 | F193: -6213854.5
A194: 3.1 | B194: RECEITA BRUTA | C194: -5475411.1 | D194: 0 | E194: 738443.45 | F194: -6213854.5
A195: 3.1.01 | B195: APORTES DA OPERAÇAO | C195: -5475411.1 | D195: 0 | E195: 738443.45 | F195: -6213854.5
A196: 3.1.01.01 | B196: RECURSOS PÚBLICOS | C196: -5249839.1 | D196: 0 | E196: 714228.73 | F196: -5964067.8
A197: 3.1.01.01.001 | B197: CONTRATOS DE GESTÃO | C197: -4650482 | D197: 0 | E197: 632825.51 | F197: -5283307.5
... A205: 4.1 | B205: DESPESAS OPERACIONAIS | C205: 4637481.2 | D205: 859340.32 | E205: 250454.68 | F205: 5246366.8
A206: 4.1.01 | B206: DESPESAS COM PESSOAL | C206: 2612825.4 | D206: 520369.1 | E206: 30765.58 | F206: 3102428.9 | H206: 3102428.9 | I206: 0 | J206: -74275.74 | K206: -74275.74
A207: 4.1.01.01 | B207: PESSOAL / RH | C207: 1315320.4 | D207: 281038.95 | E207: 385 | F207: 1595974.4
A208: 4.1.01.01.001 | B208: SALÁRIOS E ORDENADOS | C208: 1242262.3 | D208: 195580.07 | E208: 385 | F208: 1437457.3
...
